TOP OF THE 1ST |
Mobile BayBears batting - Pitching for San Antonio Missions : RHP Danny Rasdall
|
Pitching: RHP Danny Rasdall
|
|
Batting: LHB Kevin Ferguson
|
0-0: Swinging Strike 0-1: Foul Ball, location: 2F 0-2: SINGLE (Groundball, 56D, EV 101.9 MPH)
|
Batting: LHB Jeff Densmore
|
0-0: Called Strike 0-1: Foul Ball, location: 2F 0-2: Foul Ball, location: 2F 0-2: Ground out 1-3 (Groundball, 13, EV 67.5 MPH) Kevin Ferguson to second
|
Batting: LHB Bob Myers
|
0-0: Called Strike 0-1: Foul Ball, location: 2F 0-2: Foul Ball, location: 2F 0-2: Fly out, F8 (Flyball, 8RD, EV 90.6 MPH)
|
Batting: LHB Soo-yeon Kym
|
0-0: Ball 1-0: Foul Ball, location: 2F 1-1: Ball 2-1: Foul Ball, location: 2F 2-2: Strikes out swinging
|
Top of the 1st over - 0 runs, 1 hit, 0 errors, 1 left on base; Mobile 0 - San Antonio 0 |
BOTTOM OF THE 1ST |
San Antonio Missions batting - Pitching for Mobile BayBears : RHP Jeff Whaley
|
Pitching: RHP Jeff Whaley
|
|
Batting: RHB Juan Espinoza
|
0-0: Ball 1-0: Ball 2-0: Called Strike 2-1: Ground out 4-3 (Groundball, 6M, EV 85.0 MPH)
|
Batting: LHB Hugo MacBeth
|
0-0: Swinging Strike 0-1: Ball 1-1: Ground out U3 (Groundball, 3, EV 100.6 MPH)
|
Batting: RHB Manny Jurado
|
0-0: Ball 1-0: Foul Ball, location: 2F 1-1: Ball 2-1: Foul Ball, location: 2F 2-2: Foul Ball, location: 2F 2-2: Ground out 4-3 (Groundball, 4, EV 99.4 MPH)
|
Bottom of the 1st over - 0 runs, 0 hits, 0 errors, 0 left on base; Mobile 0 - San Antonio 0 |
TOP OF THE 2ND |
Mobile BayBears batting - Pitching for San Antonio Missions : RHP Danny Rasdall
|
Batting: RHB Dustin Clark
|
0-0: Swinging Strike 0-1: Called Strike 0-2: Foul Ball, location: 2F 0-2: Strikes out swinging
|
Batting: LHB T.J. Duvall
|
0-0: Swinging Strike 0-1: Foul Ball, location: 2F 0-2: Strikes out swinging
|
Batting: RHB Edgar Garcia
|
0-0: Foul Ball, location: 2F 0-1: Called Strike 0-2: Strikes out looking
|
Top of the 2nd over - 0 runs, 0 hits, 0 errors, 0 left on base; Mobile 0 - San Antonio 0 |
BOTTOM OF THE 2ND |
San Antonio Missions batting - Pitching for Mobile BayBears : RHP Jeff Whaley
|
Batting: SHB Hatsuo Miura
|
0-0: Ball 1-0: Swinging Strike 1-1: Foul Ball, location: 2F 1-2: Ground out 6-3 (Groundball, 4D, EV 106.9 MPH)
|
Batting: LHB J.D. Brenner
|
0-0: Foul Ball, location: 2F 0-1: Foul Ball, location: 2F 0-2: Ball 1-2: Ball 2-2: Fly out, F7 (Flyball, 78S, EV 93.1 MPH)
|
Batting: RHB Joe Weissman
|
0-0: Ball 1-0: Foul Ball, location: 2F 1-1: Ball 2-1: Ball 3-1: Foul Ball, location: 2F 3-2: Base on Balls
|
Batting: LHB Josh Slusarczyk
|
0-0: Called Strike 0-1: Swinging Strike 0-2: Ball 1-2: Strikes out swinging
|
Bottom of the 2nd over - 0 runs, 0 hits, 0 errors, 1 left on base; Mobile 0 - San Antonio 0 |
TOP OF THE 3RD |
Mobile BayBears batting - Pitching for San Antonio Missions : RHP Danny Rasdall
|
Batting: RHB Carlos Ballesteros
|
0-0: Ball 1-0: Called Strike 1-1: Foul Ball, location: 2F 1-2: Ball 2-2: Ground out 6-3 (Groundball, 6, EV 92.5 MPH)
|
Batting: RHB Curt Barrett
|
0-0: Called Strike 0-1: Ball 1-1: Ball 2-1: Swinging Strike 2-2: Fly out, F7 (Line Drive, 78S, EV 90.0 MPH)
|
Batting: LHB Kevin Ferguson
|
0-0: Foul Ball, location: 2F 0-1: Ball 1-1: Swinging Strike 1-2: Ball 2-2: Ball 3-2: Strikes out swinging
|
Top of the 3rd over - 0 runs, 0 hits, 0 errors, 0 left on base; Mobile 0 - San Antonio 0 |
BOTTOM OF THE 3RD |
San Antonio Missions batting - Pitching for Mobile BayBears : RHP Jeff Whaley
|
Batting: RHB Nate Burkhalter
|
0-0: Foul Ball, location: 2F 0-1: Called Strike 0-2: Ball 1-2: Strikes out swinging
|
Batting: SHB Blake Abbott
|
0-0: Ball 1-0: Ball 2-0: Fly out, F9 (Flyball, 9S, EV 96.2 MPH)
|
Batting: RHB Juan Espinoza
|
0-0: Ball 1-0: Swinging Strike 1-1: Foul Ball, location: 2F 1-2: Foul Ball, location: 2F 1-2: DOUBLE (Line Drive, 3D, EV 97.5 MPH)
|
Batting: LHB Hugo MacBeth
|
0-0: SINGLE (Groundball, 56D, EV 105.0 MPH) Juan Espinoza to third Runner from 3rd tries for Home, SAFE, throw by LF to home
|
Batting: RHB Manny Jurado
|
0-0: Ball 1-0: Foul Ball, location: 2F 1-1: Foul Ball, location: 2F 1-2: Ball 2-2: Reached via error on a dropped throw from 1B, E1 (Groundball, 34, EV 104.4 MPH) Hugo MacBeth to second
|
Batting: SHB Hatsuo Miura
|
0-0: Called Strike 0-1: Foul Ball, location: 2F 0-2: Ball 1-2: Strikes out swinging
|
Bottom of the 3rd over - 1 run, 2 hits, 1 error, 2 left on base; Mobile 0 - San Antonio 1 |
TOP OF THE 4TH |
Mobile BayBears batting - Pitching for San Antonio Missions : RHP Danny Rasdall
|
Batting: LHB Jeff Densmore
|
0-0: Ball 1-0: Foul Ball, location: 2F 1-1: Foul Ball, location: 2F 1-2: Ball 2-2: Ball 3-2: Base on Balls
|
Batting: LHB Bob Myers
|
0-0: SINGLE (Flyball, 4D, EV 91.9 MPH) Jeff Densmore to second
|
Batting: LHB Soo-yeon Kym
|
0-0: Called Strike 0-1: Ball 1-1: Fly out, F9 (Flyball, 89S, EV 93.8 MPH)
|
Batting: RHB Dustin Clark
|
0-0: Fielders Choice at 2nd, 6-4 (Groundball, 6, EV 98.8 MPH) Jeff Densmore to third
|
Batting: LHB T.J. Duvall
|
0-0: Ball 1-0: Ball 2-0: Ball 3-0: Called Strike 3-1: Ground out 4-3 (Groundball, 4, EV 81.2 MPH)
|
Top of the 4th over - 0 runs, 1 hit, 0 errors, 2 left on base; Mobile 0 - San Antonio 1 |
BOTTOM OF THE 4TH |
San Antonio Missions batting - Pitching for Mobile BayBears : RHP Jeff Whaley
|
Batting: LHB J.D. Brenner
|
0-0: Foul Ball, location: 2F 0-1: Ball 1-1: Swinging Strike 1-2: Ball 2-2: Foul Ball, location: 2F 2-2: Ground out 4-3 (Groundball, 4S, EV 81.9 MPH)
|
Batting: RHB Joe Weissman
|
0-0: Called Strike 0-1: Ball 1-1: Swinging Strike 1-2: Ball 2-2: Ball 3-2: Foul Ball, location: 2F 3-2: DOUBLE (Line Drive, 8LXD, EV 110.0 MPH)
|
Batting: LHB Josh Slusarczyk
|
0-0: Called Strike 0-1: Swinging Strike 0-2: Foul Ball, location: 2F 0-2: Strikes out swinging
|
Batting: RHB Nate Burkhalter
|
0-0: Foul Ball, location: 2F 0-1: Foul Ball, location: 2F 0-2: Ball 1-2: Foul Ball, location: 2F 1-2: Ground out 6-3 (Groundball, 6, EV 105.0 MPH)
|
Bottom of the 4th over - 0 runs, 1 hit, 0 errors, 1 left on base; Mobile 0 - San Antonio 1 |
TOP OF THE 5TH |
Mobile BayBears batting - Pitching for San Antonio Missions : RHP Danny Rasdall
|
Batting: RHB Edgar Garcia
|
0-0: Ball 1-0: Swinging Strike 1-1: Ball 2-1: Ball 3-1: Base on Balls
|
Batting: RHB Carlos Ballesteros
|
0-0: Fly out, F8 (Flyball, 8LM, EV 86.2 MPH)
|
Batting: RHB Curt Barrett
|
0-0: Ball 1-0: Called Strike 1-1: Ball 2-1: Grounds into double play, 4-6-3 (Groundball, 34, EV 85.6 MPH)
|
Top of the 5th over - 0 runs, 0 hits, 0 errors, 0 left on base; Mobile 0 - San Antonio 1 |
BOTTOM OF THE 5TH |
San Antonio Missions batting - Pitching for Mobile BayBears : RHP Jeff Whaley
|
Batting: SHB Blake Abbott
|
0-0: Ball 1-0: Swinging Strike 1-1: Hit by Pitch
|
Batting: RHB Juan Espinoza
|
0-0: Fly out, F9 (Flyball, 9D, EV 93.1 MPH)
|
Batting: LHB Hugo MacBeth
|
0-0: Called Strike 0-1: Swinging Strike 0-2: Ball 1-2: Strikes out swinging
|
Batting: RHB Manny Jurado
|
0-0: Called Strike 0-1: Swinging Strike 0-2: Ball 1-2: Ball 2-2: Strikes out swinging
|
Bottom of the 5th over - 0 runs, 0 hits, 0 errors, 1 left on base; Mobile 0 - San Antonio 1 |
TOP OF THE 6TH |
Mobile BayBears batting - Pitching for San Antonio Missions : RHP Danny Rasdall
|
Batting: LHB Kevin Ferguson
|
0-0: Ball 1-0: Ball 2-0: Called Strike 2-1: Fly out, F9 (Flyball, 9, EV 89.4 MPH)
|
Batting: LHB Jeff Densmore
|
0-0: Ball 1-0: Ball 2-0: Ball 3-0: Base on Balls
|
Batting: LHB Bob Myers
|
0-0: Ball 1-0: Foul Ball, location: 2F 1-1: Foul Ball, location: 2F 1-2: Ball 2-2: Ball 3-2: Fly out, F7 (Line Drive, 78M, EV 108.8 MPH)
|
Batting: LHB Soo-yeon Kym
|
0-0: Called Strike 0-1: Called Strike 0-2: Ball 1-2: Fly out, F8 (Line Drive, 8LD, EV 98.1 MPH)
|
Top of the 6th over - 0 runs, 0 hits, 0 errors, 1 left on base; Mobile 0 - San Antonio 1 |
BOTTOM OF THE 6TH |
San Antonio Missions batting - Pitching for Mobile BayBears : RHP Jeff Whaley
|
Batting: SHB Hatsuo Miura
|
0-0: Ball 1-0: Foul Ball, location: 2F 1-1: Fly out, F7 (Flyball, 78S, EV 82.5 MPH)
|
Pitching: RHP Jason Hammons
|
|
Batting: LHB J.D. Brenner
|
0-0: Foul Ball, location: 2F 0-1: Foul Ball, location: 2F 0-2: Ball 1-2: Foul Ball, location: 2F 1-2: Ball 2-2: Strikes out swinging, 2-3 out at first.
|
Batting: RHB Joe Weissman
|
0-0: Called Strike 0-1: Called Strike 0-2: Foul Ball, location: 2F 0-2: Ball 1-2: Ball 2-2: Ground out U3 (Groundball, 34, EV 93.1 MPH)
|
Bottom of the 6th over - 0 runs, 0 hits, 0 errors, 0 left on base; Mobile 0 - San Antonio 1 |
TOP OF THE 7TH |
Mobile BayBears batting - Pitching for San Antonio Missions : RHP Danny Rasdall
|
Batting: RHB Dustin Clark
|
0-0: Ball 1-0: Foul Ball, location: 2F 1-1: Ball 2-1: Foul Ball, location: 2F 2-2: Foul Ball, location: 2F 2-2: Strikes out swinging
|
Pitching: LHP Ed Valdez
|
|
Pinch Hitting: RHB Chris Bittner
|
0-0: Ball 1-0: Ball 2-0: Foul Ball, location: 2F 2-1: Ball 3-1: Foul Ball, location: 2F 3-2: Strikes out swinging
|
Batting: RHB Edgar Garcia
|
0-0: Fly out, F9 (Flyball, 9S, EV 91.9 MPH)
|
Top of the 7th over - 0 runs, 0 hits, 0 errors, 0 left on base; Mobile 0 - San Antonio 1 |
BOTTOM OF THE 7TH |
San Antonio Missions batting - Pitching for Mobile BayBears : RHP Jason Hammons
|
Pitching: LHP Travis Stichter
|
|
Now at 1B: Chris Bittner
|
|
Batting: LHB Josh Slusarczyk
|
0-0: Ball 1-0: Foul Ball, location: 2F 1-1: Fly out, F5 (Popup, 25F, EV 75.6 MPH)
|
Pitching: LHP Sean Zech
|
|
Batting: RHB Nate Burkhalter
|
0-0: Called Strike 0-1: Ball 1-1: DOUBLE (Line Drive, 9D, EV 88.8 MPH)
|
Batting: SHB Blake Abbott
|
0-0: Ground out 6-3 (Groundball, 6S, EV 81.2 MPH) Nate Burkhalter to third
|
Batting: RHB Juan Espinoza
|
0-0: Intentional Walk
|
Batting: LHB Hugo MacBeth
|
0-0: Ground out 1-3 (Groundball, 13S, EV 66.9 MPH)
|
Bottom of the 7th over - 0 runs, 1 hit, 0 errors, 2 left on base; Mobile 0 - San Antonio 1 |
TOP OF THE 8TH |
Mobile BayBears batting - Pitching for San Antonio Missions : LHP Ed Valdez
|
Batting: RHB Carlos Ballesteros
|
0-0: Called Strike 0-1: Ball 1-1: Foul Ball, location: 2F 1-2: Ground out 6-3 (Groundball, 6, EV 86.2 MPH)
|
Batting: RHB Curt Barrett
|
0-0: Foul Ball, location: 2F 0-1: Foul Ball, location: 2F 0-2: Ball 1-2: Foul Ball, location: 2F 1-2: Ball 2-2: Ball 3-2: Foul Ball, location: 2F 3-2: SINGLE (Line Drive, 9LM, EV 101.2 MPH)
|
Batting: LHB Kevin Ferguson
|
0-0: Ball 1-0: Called Strike 1-1: Called Strike 1-2: Ball 2-2: Fielders Choice at 2nd, 4-6 (Groundball, 4M, EV 86.2 MPH)
|
Batting: LHB Jeff Densmore
|
0-0: Called Strike 0-1: 2-RUN HOME RUN (Flyball, 7D, EV 95.6 MPH), Distance : 371 ft
|
Batting: LHB Bob Myers
|
0-0: Ball 1-0: Called Strike 1-1: Foul Ball, location: 2F 1-2: Foul Ball, location: 2F 1-2: Ball 2-2: Strikes out swinging
|
Top of the 8th over - 2 runs, 2 hits, 0 errors, 0 left on base; Mobile 2 - San Antonio 1 |
BOTTOM OF THE 8TH |
San Antonio Missions batting - Pitching for Mobile BayBears : LHP Sean Zech
|
Now at 3B: Franklin Villanueva
|
|
Now in LF: Dustin Clark
|
|
Now in RF: Andy Cunningham
|
|
Batting: RHB Manny Jurado
|
0-0: Called Strike 0-1: Foul Ball, location: 2F 0-2: Ball 1-2: Fly out, F8 (Flyball, 8LD, EV 91.2 MPH)
|
Batting: SHB Hatsuo Miura
|
0-0: Ball 1-0: SINGLE (Groundball, 6D, EV 103.8 MPH)
|
Batting: LHB J.D. Brenner
|
0-0: Ball 1-0: Ball 2-0: Swinging Strike 2-1: Ball 3-1: Called Strike 3-2: Strikes out swinging
|
Batting: RHB Joe Weissman
|
0-0: Foul Ball, location: 2F 0-1: Ball 1-1: Swinging Strike 1-2: Ball 2-2: Ball 3-2: Strikes out swinging
|
Bottom of the 8th over - 0 runs, 1 hit, 0 errors, 1 left on base; Mobile 2 - San Antonio 1 |
TOP OF THE 9TH |
Mobile BayBears batting - Pitching for San Antonio Missions : LHP Ed Valdez
|
Pitching: RHP Adrian de la Cerda
|
|
Batting: LHB Soo-yeon Kym
|
0-0: Called Strike 0-1: SINGLE (Groundball, 4MD, EV 94.4 MPH)
|
Batting: RHB Dustin Clark
|
0-0: Called Strike 0-1: Foul Ball, location: 2F 0-2: Fielders Choice at 2nd, 6-4 (Groundball, 6, EV 88.1 MPH)
|
Batting: RHB Chris Bittner
|
0-0: Foul Ball, location: 2F 0-1: Ball 1-1: Fly out, F7 (Flyball, 7, EV 90.6 MPH)
|
Batting: RHB Edgar Garcia
|
0-0: Ball 1-0: Foul Ball, location: 2F 1-1: Called Strike 1-2: Ball 2-2: Ball 3-2: Base on Balls Dustin Clark to second
|
Batting: RHB Carlos Ballesteros
|
0-0: Called Strike 0-1: Ball 1-1: Swinging Strike 1-2: Ball 2-2: Foul Ball, location: 2F 2-2: Strikes out swinging
|
Top of the 9th over - 0 runs, 1 hit, 0 errors, 2 left on base; Mobile 2 - San Antonio 1 |
BOTTOM OF THE 9TH |
San Antonio Missions batting - Pitching for Mobile BayBears : LHP Sean Zech
|
Pitching: RHP Rick Foster
|
|
Batting: LHB Josh Slusarczyk
|
0-0: Ball 1-0: Foul Ball, location: 2F 1-1: Foul Ball, location: 2F 1-2: Ball 2-2: Strikes out swinging
|
Pinch Hitting: LHB Anthony Mosley
|
0-0: Foul Ball, location: 2F 0-1: Foul Ball, location: 2F 0-2: Strikes out looking
|
Batting: SHB Blake Abbott
|
0-0: Ball 1-0: Ball 2-0: Foul Ball, location: 2F 2-1: SOLO HOME RUN (Line Drive, 9LD, EV 95.0 MPH), Distance : 366 ft
|
Batting: RHB Juan Espinoza
|
0-0: Called Strike 0-1: Foul Ball, location: 2F 0-2: Ball 1-2: Ball 2-2: Ball 3-2: Strikes out looking
|
Bottom of the 9th over - 1 run, 1 hit, 0 errors, 0 left on base; Mobile 2 - San Antonio 2 |
TOP OF THE 10TH |
Mobile BayBears batting - Pitching for San Antonio Missions : RHP Adrian de la Cerda
|
Pitching: RHP Bryan Pitcher
|
|
Now at 3B: Danny Gallegos
|
|
Pinch Hitting: LHB Enrique Andrade
|
0-0: Ball 1-0: DOUBLE (Line Drive, 78M, EV 100.6 MPH)
|
Batting: RHB Franklin Villanueva
|
0-0: Ball 1-0: Called Strike 1-1: Ball 2-1: Swinging Strike 2-2: Ball 3-2: Base on Balls
|
Batting: LHB Jeff Densmore
|
0-0: 3-RUN HOME RUN (Flyball, 78XD, EV 101.9 MPH), Distance : 420 ft
|
Batting: RHB Andy Cunningham
|
0-0: Ball 1-0: Called Strike 1-1: Ball 2-1: Foul Ball, location: 2F 2-2: SINGLE (Groundball, 56D, EV 97.5 MPH)
|
Batting: LHB Soo-yeon Kym
|
0-0: Foul Ball, location: 2F 0-1: Swinging Strike 0-2: Strikes out looking
|
Batting: RHB Dustin Clark
|
0-0: Called Strike 0-1: Foul Ball, location: 2F 0-2: Fly out, F9 (Flyball, 89S, EV 79.4 MPH)
|
Pitching: RHP Nate Ragain
|
|
Batting: RHB Chris Bittner
|
0-0: Ball 1-0: Ball 2-0: Fly out, F7 (Flyball, 7LM, EV 85.0 MPH)
|
Top of the 10th over - 3 runs, 3 hits, 0 errors, 1 left on base; Mobile 5 - San Antonio 2 |
BOTTOM OF THE 10TH |
San Antonio Missions batting - Pitching for Mobile BayBears : RHP Rick Foster
|
Now at C: Yasuo Nakata
|
|
Batting: LHB Hugo MacBeth
|
0-0: Called Strike 0-1: Ball 1-1: Ball 2-1: Called Strike 2-2: Foul Ball, location: 2F 2-2: Foul Ball, location: 2F 2-2: Foul Ball, location: 2F 2-2: Ball 3-2: Foul Ball, location: 2F 3-2: SOLO HOME RUN (Flyball, 9D, EV 93.1 MPH), Distance : 369 ft
|
Batting: RHB Manny Jurado
|
0-0: Called Strike 0-1: Ball 1-1: Foul Ball, location: 2F 1-2: Foul Ball, location: 2F 1-2: Reached on error, E6 (Groundball, 6, EV 103.1 MPH)
|
Pitching: RHP Adam Maida
|
|
Batting: SHB Hatsuo Miura
|
0-0: Called Strike 0-1: Swinging Strike 0-2: Strikes out swinging
|
Pitching: LHP Jon Davis
|
|
Batting: LHB J.D. Brenner
|
0-0: Ball 1-0: Called Strike 1-1: Foul Ball, location: 2F 1-2: Ball 2-2: Ball 3-2: Foul Ball, location: 2F 3-2: Fly out, F7 (Flyball, 7S, EV 92.5 MPH)
|
Batting: RHB Joe Weissman
|
0-0: Ground out 1-3 (Groundball, 13S, EV 69.4 MPH)
|
Bottom of the 10th over - 1 run, 1 hit, 1 error, 1 left on base; Mobile 5 - San Antonio 3 |
|